 Dungeon Crawl Stone Soup version 0.29-a0-393-g47a863cc1b (console) character file.

Game seed: 10593736771202286350

5327 om the Cruncher (level 10, -1/60 HPs)
             Began as a Djinni Fire Elementalist on May 10, 2022.
             Was a Believer of Makhleb.
             Slain by a yak (11 damage)
             ... on level 9 of the Dungeon.
             The game lasted 00:43:59 (14059 turns).

om the Cruncher (Djinni Fire Elementalist)         Turns: 14059, Time: 00:43:59

Health: -1/60      AC: 10    Str: 11    XL:     10   Next: 96%
Gold:   690        EV: 16    Int: 19    God:    Makhleb [**....] SH:  0 Dex: 16

rFire   + + .      SeeInvis +   b - staff of poison
rCold   . . .      Faith    .   (no shield)
rNeg    . . .      Spirit   .   f - +1 robe of Slovenliness {rC+ Str+4}
rPois   ∞          Reflect  .   r - +0 hat
rElec   .          Harm     .   v - +0 cloak
rCorr   .          Rampage  .   o - +1 pair of gloves
Will    +....                   (boots unavailable)
Stlth   +++.......              (no amulet)
HPRegen 0.20/turn               c - +4 ring of protection
MPRegen 0.00/turn               m - ring of see invisible

@: flying
A: sickness immunity, fire resistance 2, cold vulnerability 1, float, innate
caster, HP casting, extra vitality 1
a: Renounce Religion, Minor Destruction


You were on level 9 of the Dungeon.
You worshipped Makhleb.
Makhleb was pleased with you.
You visited 2 branches of the dungeon, and saw 11 of its levels.

You collected 716 gold pieces.
You spent 26 gold pieces at shops.

Inventory:

Hand Weapons
 l - a +1 dagger of freezing
 G - a +2 dagger of flaming
Armour
 f - the +1 robe of Slovenliness (worn) {rC+ Str+4}
   (You found it on level 2 of the Dungeon)

   Str:       It affects your strength (+4).
   rC:        It protects you from cold.
 o - a +1 pair of gloves (worn)
 r - a +0 hat (worn)
 v - a +0 cloak (worn)
Magical Staves
 b - a staff of poison (weapon)
 M - a staff of earth
Jewellery
 c - a +4 ring of protection (left hand)
 m - a ring of see invisible (right hand)
 t - a ring of protection from cold
 I - a ring of resist corrosion
Wands
 q - a wand of charming (8)
 y - a wand of mindburst (7)
 B - a wand of iceblast (11)
 C - a wand of polymorph (3)
 E - a wand of paralysis (11)
 F - a wand of acid (11)
 K - a wand of digging (6)
 L - a wand of flame (12)
Scrolls
 a - a scroll of amnesia {unknown}
 i - a scroll of magic mapping
 j - 2 scrolls of vulnerability
 n - 3 scrolls of brand weapon
 p - a scroll of blinking
 s - a scroll of torment
 u - 3 scrolls of poison
 w - 5 scrolls of fear
 z - 2 scrolls of teleportation
Potions
 d - 2 potions of berserk rage
 e - 3 potions of curing
 g - 2 potions of heal wounds
 h - a potion of ambrosia
 k - a potion of might {unknown}
 x - 2 potions of degeneration {unknown}
 D - 4 potions of mutation {unknown}
 H - a potion of cancellation {unknown}
 J - 2 potions of lignification {unknown}


   Skills:
 * Level 8.0 Staves
 + Level 7.5 Dodging
 + Level 6.2 Stealth
 - Level 0.2 Unarmed Combat
 + Level 5.9 Spellcasting
 - Level 5.0 Evocations


You couldn't memorise any spells.
You knew the following spells:

 Your Spells              Type           Power      Damage    Failure   Level
a - Foxfire               Conj/Fire      100%       2x1d9     1%          1
b - Scorch                Fire           56%        2d7       1%          2
c - Conjure Flame         Conj/Fire      28%        6-21      3%          3
d - Inner Flame           Hex/Fire       28%        N/A       3%          3
e - Flame Wave            Conj/Fire      28%        2d8       10%         4
f - Sting                 Tmut/Pois      100%       1d8       1%          1
g - Poisonous Vapours     Pois/Air       84%        N/A       1%          2
h - Corpse Rot            Necr/Air       56%        N/A       1%          2
i - Ice Form              Ice/Tmut       28%        N/A       10%         4
Your spell library was empty.

Dungeon Overview and Level Annotations

Branches:
Dungeon (10/15)            Temple (1/1) D:4
   Lair: D:8-11         Orc: D:9-12

Altars:
Ashenzari
Cheibriados
Dithmenos
Elyvilon
Fedhas
Gozag
Hepliaklqana
Kikubaaqudgha
Makhleb
Nemelex Xobeh
Okawaru
Qazlal
Ru
Sif Muna
Trog
Uskayaw
Vehumet
Wu Jian
Xom
Yredelemnul
Zin
The Shining One
Beogh

Shops:
D:1 ?   D:7 *

Annotations:
D:7 3 runed translucent doors, HeavenlyPete's ghost, novice NaEn


Innate Abilities, Weirdness & Mutations

You are immune to sickness and miasma.
You are immune to poison.
Your flesh is very heat resistant. (rF++)
You are vulnerable to cold. (rC-)
You float through the air rather than walking.
You learn spells naturally, not from books.
Your magical power is your life essence.
You have superior vitality. (+4 MHP)


Message History

Confirm with . or Enter, or press ? or * to list all spells.
Aiming: Sting (safe; 1% risk of failure)
Press: ? - help, Shift-Dir - straight line, f/p - yak
Aim: a yak (lightly wounded, poisoned, 87% to hit)
You feel a surge of power!
The sting hits the yak.
The yak looks even sicker.
The yak is lightly wounded.
The yak closely misses you.
Casting: Sting (safe; 1% risk of failure)
Confirm with . or Enter, or press ? or * to list all spells.
Aiming: Sting (safe; 1% risk of failure)
Press: ? - help, Shift-Dir - straight line, f/p - yak
Aim: a yak (lightly wounded, very poisoned, 87% to hit)
You feel a surge of power!
The sting hits the yak but does no damage.
The yak looks even sicker.
The yak is lightly wounded.
The yak barely misses you.
Casting: Sting (safe; 1% risk of failure)
Confirm with . or Enter, or press ? or * to list all spells.
Aiming: Sting (safe; 1% risk of failure)
Press: ? - help, Shift-Dir - straight line, f/p - yak
Aim: a yak (lightly wounded, very poisoned, 87% to hit)
You feel a surge of power!
The sting hits the yak.
The yak looks as sick as possible!
The yak is moderately wounded.
The yak gores you. The yak attacks as you move away!
The yak gores you but does no damage. The yak attacks as you move away!
The yak gores you.
Casting: Sting (safe; 1% risk of failure)
Confirm with . or Enter, or press ? or * to list all spells.
Aiming: Poisonous Vapours (safe; 1% risk of failure)
Press: ? - help, Dir - move target, f/p - yak
Aim: a yak (heavily wounded, very poisoned)
You feel a surge of power!
Poisonous vapours surround the yak!
The yak looks as sick as possible!
* * * LOW HITPOINT WARNING * * *
The yak gores you!
* * * LOW HITPOINT WARNING * * *
The yak attacks as you move away! The yak gores you!
You die...

#.########..###.#. #.#
#.#.#.### #.# #.##.##
##.## #.##.# ######...##
#.#..# #......[..#
#.#.## #.......[.#
#.#.#####
#.###.....######.......#
#.# ##Y@...........###.#
#.# ####.#######.......
#.## #.# #.####.# #..#
#.# #.# #.# #>.######.#
#.# #.# #.......#.# #.#
#.. #.......#.### #.#
### ##......)...## #.#
##......###..# #.#


You could see a yak (extremely poisoned).

Vanquished Creatures
  A kobold demonologist (D:9)
  A troll (D:10)
  A hornet (D:8)
  A vampire (D:9)
  A shadow (D:9)
  A wraith (D:6)
  A wyvern (D:9)
  9 yaks
  2 vampire mosquitoes (D:10)
  A water moccasin (D:9)
  2 sky beasts
  An orc warrior (D:9)
  A black bear (D:6)
  2 centaurs
  An ogre (D:7)
  2 phantoms
  A bullfrog (D:6)
  2 kobold brigands (D:7)
  A necrophage (D:4)
  4 scorpions
  6 wights (D:8)
  2 electric eels (D:6)
  A howler monkey (D:6)
  A crimson imp (D:7)
  2 jellies
  2 hounds (D:5)
  4 orc priests
  A gnoll shaman (D:7)
  2 iguanas (D:5)
  Crazy Yiuf (D:7)
  5 orc wizards
  3 gnolls (D:7)
  6 adders
  A shadow imp (D:8)
  3 white imps
  An ufetubus (D:4)
  2 worms
  A dart slug (D:4)
  22 orcs
  8 endoplasms
  3 giant cockroaches
  7 goblins
  8 hobgoblins
  6 jackals
  5 quokkas
  5 ball pythons
  2 bats
  3 frilled lizards
  14 kobolds
  3 rats
166 creatures vanquished.

Vanquished Creatures (others)
  A jackal (D:2)
  394 foxfires
  4 fungi (D:7)
  A plant (D:2)
400 creatures vanquished.

Grand Total: 566 creatures vanquished

Notes
Turn   | Place    | Note
-------+----------+-------------------------------------------
     0 | D:1      | om the Djinni Fire Elementalist began the quest for the
                  | Orb.
     0 | D:1      | Reached XP level 1. HP: 15/15 MP: 0/0
   410 | D:1      | Reached XP level 2. HP: 17/21 MP: 0/0
   812 | D:1      | Found Mympoeth's Magic Scroll Shoppe.
   825 | D:1      | Bought a scroll of identify for 26 gold pieces
  1095 | D:2      | Reached XP level 3. HP: 23/25 MP: 0/0
  1095 | D:2      | Learned a level 1 spell: Sting
  1642 | D:1      | Reached XP level 4. HP: 7/31 MP: 0/0
  1949 | D:2      | Identified the +1 robe of Slovenliness {rC+ Str+4}
  2861 | D:3      | Reached XP level 5. HP: 30/35 MP: 0/0
  2861 | D:3      | Learned a level 2 spell: Poisonous Vapours
  3672 | D:3      | Reached skill level 1 in Staves
  4016 | D:3      | Reached skill level 1 in Evocations
  4016 | D:3      | Reached XP level 6. HP: 19/40 MP: 0/0
  4435 | D:4      | Found a staircase to the Ecumenical Temple.
  4457 | Temple   | Entered the Ecumenical Temple
  4712 | Temple   | Became a worshipper of Makhleb the Destroyer
  4781 | D:4      | Reached skill level 2 in Staves
  5256 | D:4      | Reached XP level 7. HP: 42/45 MP: 0/0
  5256 | D:4      | Learned a level 2 spell: Corpse Rot
  5467 | D:5      | Entered Level 5 of the Dungeon
  5873 | D:5      | Found a glowing silver altar of Zin.
  6047 | D:5      | Reached skill level 3 in Staves
  6824 | D:6      | Noticed a wraith
  6955 | D:6      | Killed a wraith
  6956 | D:6      | Reached XP level 8. HP: 23/50 MP: 0/0
  7298 | D:6      | Reached skill level 4 in Staves
  7588 | D:6      | Found a hazy altar of Hepliaklqana.
  7602 | D:6      | Found an ornate altar of the Wu Jian Council.
  7849 | D:6      | Noticed a shadow
  8125 | D:6      | Reached skill level 5 in Dodging
  8279 | D:6      | Found a sparkling altar of Nemelex Xobeh.
  8526 | D:7      | Reached * piety under Makhleb
  8877 | D:7      | Found a runed translucent gate.
  8877 | D:7      | Found a runed translucent gate.
  8879 | D:7      | Found a runed translucent gate.
  8880 | D:7      | Noticed HeavenlyPete's ghost (novice NaEn)
  8885 | D:7      | Identified the +5 plate armour of Wyzeddot {+Blink rF-
                  | Int+4}
  8914 | D:7      | Reached XP level 9. HP: 53/55 MP: 0/0
  8914 | D:7      | Learned a level 4 spell: Ice Form
  9200 | D:7      | Reached skill level 5 in Staves
  9545 | D:7      | Found a snail-covered altar of Cheibriados.
  9545 | D:7      | Found a blossoming altar of Fedhas.
  9626 | D:7      | Found Heesodett's General Store.
 10155 | D:7      | Found a runed translucent door.
 10156 | D:7      | Noticed Crazy Yiuf
 10171 | D:7      | Killed Crazy Yiuf
 10837 | D:8      | Reached ** piety under Makhleb
 11291 | D:8      | Reached skill level 6 in Staves
 11567 | D:9      | Noticed a hornet
 11581 | D:8      | Killed a hornet
 11582 | D:8      | Reached skill level 5 in Stealth
 11582 | D:8      | Reached skill level 5 in Spellcasting
 11914 | D:9      | Found a glowing golden altar of the Shining One.
 11930 | D:9      | Reached XP level 10. HP: 31/60 MP: 0/0
 12140 | D:9      | Found a sacrificial altar of Ru.
 12171 | D:9      | Reached skill level 5 in Evocations
 12177 | D:9      | Reached skill level 7 in Staves
 12636 | D:9      | Noticed a kobold demonologist
 12648 | D:9      | Killed a kobold demonologist
 13428 | D:10     | Entered Level 10 of the Dungeon
 14019 | D:10     | Reached skill level 8 in Staves
 14059 | D:9      | Slain by a yak

Illustrated notes

Levels and vault maps discovered:
D:1:      wander_arrival_abandoned_jail, layout_rooms, serial_shops,
          shop_fountains, minmay_misc_feat_square, roderic_roman_lattice,
          interstate_on_off, minmay_shallow_snake_nest
D:2:      cheibrodos_old_hovel, layout_rooms, minmay_misc_feat_hallway,
          minmay_pentomino_v4
D:3:      layout_basic, led_sif_book
D:4:      layout_basic, minmay_temple_entry_statues_fountains,
          minmay_misc_feat_iff, minmay_crystal_room, grunt_decor_junction,
          dreamdust_princess_corridor
D:5:      layout_basic, lemuel_doored_altar,
          mainiacjoe_overflow_surrounded_room, serial_rivers,
          chequers_serial_rivers_micro_c, chequers_serial_rivers_room_b,
          chequers_serial_rivers_micro_d, chequers_serial_rivers_small_b,
          chequers_serial_rivers_room_b
D:6:      layout_rooms, nemelex_diamond_rough_becter, nicolae_overflow_squiral,
          serial_glass, glass_columns_b, glass_columns_a
D:7:      layout_loops_ring, gammafunk_temple_overflow_statue, serial_shops,
          shop, biasface_ghost_orc_armoury, minmay_fire_ice_demons,
          uniq_crazy_yiuf_cottage
D:8:      layout_gridville, minmay_starry_boxes
D:9:      layout_loops_ring, nicolae_ru_sacrificial_ziggurat,
          amcnicky_altar_gilded, corexii_leaking_fountain
D:10:     layout_roguey
Temple:   hc_temple_tempest_star

Skill      XL: |  1  2  3  4  5  6  7  8  9 10 |
---------------+-------------------------------+-----
Spellcasting   | 3 4 5 |  5.9
Stealth        | 2 3 4 5 6 |  6.2
Dodging        | 3 4 5 6 7 |  7.5
Staves         | 1 2 3 4 6 8 |  8.0
Evocations     | 1 2 3 4 5 |  5.0
Unarmed Combat | |  0.2

Action                   |  1- 3 |  4- 6 |  7- 9 | 10-12 || total
-------------------------+-------+-------+-------+-------++-------
Melee: Unarmed           |     3 |       |    32 |    39 ||    74
       Dagger            |     5 |    21 |       |       ||    26
       Staff             |       |    32 |    54 |    14 ||   100
       Punch             |       |       |     3 |     1 ||     4
 Cast: Foxfire           |    47 |    73 |   109 |    12 ||   241
       Poisonous Vapours |       |     2 |    20 |    20 ||    42
       Scorch            |       |       |    28 |     8 ||    36
       Sting             |       |       |    36 |    15 ||    51
       Conjure Flame     |       |       |     8 |     7 ||    15
       Flame Wave        |       |       |     3 |     2 ||     5
       Ice Form          |       |       |     4 |     4 ||     8
       Inner Flame       |       |       |     4 |     1 ||     5
Evoke: Wand              |       |       |       |     2 ||     2
  Use: Scroll            |     2 |     5 |    10 |     4 ||    21
       Potion            |       |     1 |     3 |       ||     4
 Stab: Sleeping          |     1 |     4 |       |       ||     5
Armor: Robe              |    18 |    32 |    58 |    12 ||   120
       Skin              |       |       |     5 |    19 ||    24
Dodge: Dodged            |    32 |    71 |   141 |    69 ||   313

Table legend: (Time is in decaauts)
 A = Elapsed time spent in this place.
 B = Non-inter-level travel time spent in this place.
 C = Inter-level travel time spent in this place.
 D = Time resting spent in this place.
 E = Time spent auto-exploring this place.
 F = Levels seen in this place.
 G = Mean time per level.
                   A        B        C        D        E       F      G
               +--------+--------+--------+--------+--------+-----+--------+
         Total |  14069 |  13624 |    445 |   5070 |   6552 |  11 | 1279.0 |
       Dungeon |  13802 |  13380 |    422 |   5070 |   6321 |  10 | 1380.2 |
        Temple |    267 |    244 |     23 |      0 |    231 |   1 |  267.0 |
               +--------+--------+--------+--------+--------+-----+--------+

Top non-repeatable levels by time:
     D:3: 1992 daAuts
     D:7: 1950 daAuts
     D:9: 1709 daAuts
     D:5: 1527 daAuts
     D:6: 1454 daAuts
     D:1: 1397 daAuts
     D:8: 1340 daAuts
     D:4: 970 daAuts
     D:2: 847 daAuts
    D:10: 612 daAuts
  Temple: 267 daAuts
